 Dungeon Crawl Stone Soup version 0.21.1-1-g345015f (webtiles) character file.

58 Monsterracer the Shooter (level 4, -2/33 HPs)
             Began as a Human Arcane Marksman on Feb 8, 2018.
             Slain by a big kobold (3 damage)
             ... on level 2 of the Dungeon.
             The game lasted 00:02:19 (1392 turns).

Monsterracer the Shooter (Human Arcane Marksman)    Turns: 1392, Time: 00:02:20

Health: -2/33      AC: -1    Str: 12    XL:     4   Next: 20%
Magic:  5/5        EV: 12    Int: 13    God:
Gold:   26         SH:  0    Dex: 13    Spells: 1/5 levels left

rFire    . . .     SeeInvis .   a - +0 shortbow
rCold    . . .     Gourm    .   (shield currently unavailable)
rNeg     . . .     Faith    .   e - +0 robe
rPois    .         Spirit   .   (no helmet)
rElec    .         Reflect  .   g - +0 cloak
rCorr    .         Harm     .   (no gloves)
MR       .....                  (no boots)
Stlth    +.........             (no amulet)
HPRegen  0.11/turn              m - -4 ring of protection (curse)
MPRegen  0.09/turn              (no ring)

@: no status effects
A: no striking features
a: no special abilities


You were on level 2 of the Dungeon.
You were hungry.

You visited 1 branch of the dungeon, and saw 2 of its levels.

You collected 26 gold pieces.

Inventory:

Hand Weapons
 a - a +0 shortbow (weapon)
 b - a +0 dagger
Missiles
 d - an arrow (quivered)
Armour
 e - a +0 robe (worn)
 g - a +0 cloak (worn)
Jewellery
 m - a cursed -4 ring of protection (left hand)
Potions
 h - a potion of haste
 i - a potion of mutation {unknown}
 l - a potion of curing
Books
 f - a book of Debilitation

   Spells                             Type                      Level
   a - Corona                         Hexes                        1
   b - Slow                           Hexes                        2
   c - Inner Flame                    Hexes/Fire                   3
   d - Portal Projectile              Hexes/Translocation          3
   e - Cause Fear                     Hexes                        4
   f - Leda's Liquefaction            Hexes/Earth                  4
Comestibles
 c - 3 rations


   Skills:
 + Level 2.2 Fighting
 * Level 3.6 Bows
 - Level 2.0 Dodging
 - Level 1.0 Spellcasting
 - Level 3.0 Hexes


You had one spell level left.
You knew the following spells:

 Your Spells              Type           Power        Failure   Level  Hunger
a - Corona                Hex            #......      9%          1    ##.....
c - Portal Projectile     Hex/Tloc       #.....       41%         3    ####...


Dungeon Overview and Level Annotations

Branches:
Dungeon (2/15)

Altars:


Message History

You are too injured to fight recklessly!
You are too injured to fight recklessly!
You are too injured to fight recklessly!
You are too injured to fight recklessly!
The bat hits you.
You take 1 damage, and have 23/33 hp.
You closely miss the bat. The bat barely misses you.
You barely miss the bat. The bat closely misses you.
You barely miss the bat. The bat hits you.
You take 1 damage, and have 23/33 hp.
You are feeling hungry.
You completely miss the bat. The bat barely misses you.
You hit the bat.
The bat is severely wounded.
The bat hits you.
You take 1 damage, and have 22/33 hp.
You hit the bat.
You kill the bat!
There is a stone staircase leading up, spattered with blood here.
d - 12 arrows (gained 2);
i - a fuming pink potion
Things that are here:
a short sword; a ring mail There isn't anything to butcher here.
You see here an arrow.
d - 13 arrows (gained 1)
a - a +0 shortbow (weapon)
Firing (i - inventory):
d - 13 arrows (quivered)
Press: ? - help, Shift-Dir - straight line, f - big kobold
Aim: a big kobold (hasn't noticed you)
You shoot an arrow. The arrow barely misses the big kobold.
The big kobold shouts!
The big kobold throws a stone.
The stone hits you.
You take 2 damage, and have 21/33 hp.
Firing (i - inventory):
d - 12 arrows (quivered)
Press: ? - help, Shift-Dir - straight line, f/p - big kobold
Aim: a big kobold You shoot an arrow.
The arrow completely misses the big kobold.
The big kobold throws a stone.
The stone barely misses you.
Firing (i - inventory):
d - 11 arrows (quivered)
Press: ? - help, Shift-Dir - straight line, f/p - big kobold
Aim: a big kobold You shoot an arrow.
The arrow barely misses the big kobold.
The big kobold throws a stone.
The stone hits you.
You take 4 damage, and have 17/33 hp.
Firing (i - inventory):
d - 10 arrows (quivered)
Press: ? - help, Shift-Dir - straight line, f/p - big kobold
Aim: a big kobold You shoot an arrow.
The arrow hits the big kobold.
The big kobold is lightly wounded.
Firing (i - inventory):
d - 9 arrows (quivered)
Press: ? - help, Shift-Dir - straight line, f/p - big kobold
Aim: a big kobold (lightly wounded)
You shoot an arrow. The arrow barely misses the big kobold.
Firing (i - inventory):
d - 8 arrows (quivered)
Press: ? - help, Shift-Dir - straight line, f/p - big kobold
Aim: a big kobold (lightly wounded)
You shoot an arrow.
The arrow closely misses the big kobold.
Firing (i - inventory):
d - 7 arrows (quivered)
Press: ? - help, Shift-Dir - straight line, f/p - big kobold
Aim: a big kobold (lightly wounded)
You shoot an arrow. The arrow barely misses the big kobold.
Firing (i - inventory):
d - 6 arrows (quivered)
Press: ? - help, Shift-Dir - straight line, f/p - big kobold
Aim: a big kobold (lightly wounded)
You shoot an arrow.
The arrow hits the big kobold but does no damage.
The big kobold is lightly wounded.
The big kobold barely misses you.
Firing (i - inventory):
d - 5 arrows (quivered)
Press: ? - help, Shift-Dir - straight line, f/p - big kobold
Aim: a big kobold (lightly wounded)
You shoot an arrow.
The arrow closely misses the big kobold.
The big kobold barely misses you. The big kobold hits you.
* * * LOW HITPOINT WARNING * * *
You take 6 damage, and have 12/33 hp.
Firing (i - inventory):
d - 4 arrows (quivered)
Press: ? - help, Shift-Dir - straight line, f/p - big kobold
Aim: a big kobold (lightly wounded)
You shoot an arrow. The arrow hits the big kobold.
The big kobold is moderately wounded.
The big kobold hits you.
* * * LOW HITPOINT WARNING * * *
You take 5 damage, and have 7/33 hp.
Firing (i - inventory):
d - 3 arrows (quivered)
Press: ? - help, Shift-Dir - straight line, f/p - big kobold
Aim: a big kobold (moderately wounded)
You shoot an arrow. The arrow hits the big kobold.
The big kobold is heavily wounded.
The big kobold hits you.
* * * LOW HITPOINT WARNING * * *
You take 6 damage, and have 1/33 hp.
Firing (i - inventory):
d - 2 arrows (quivered)
Press: ? - help, Shift-Dir - straight line, f/p - big kobold
Aim: a big kobold (heavily wounded)
You shoot an arrow. The arrow barely misses the big kobold.
The big kobold hits you.
You die...

. # #### .. #. ...# ###
.#.#.## ##...# ..# .....(.
#....# #.#
##....(..(#####....#
#.####...(.....K@(.#.....#
...#...# .......##.<...#
...#.# ................#
.....# .((....#....#....#
...K## ##(#(....#########
....## .......## .....# .
..... ...#h## ......
...#.h## %..


You could see a big kobold.

Vanquished Creatures
  Terence (D:2)
  An ooze (D:1)
  A worm (D:2)
  A dart slug (D:1)
  A giant cockroach (D:1)
  4 hobgoblins (D:1)
  2 kobolds (D:2)
  4 bats
  A frilled lizard (D:2)
  2 goblins (D:1)
  7 rats (D:1)
25 creatures vanquished.

Notes
Turn   | Place    | Note
-------+----------+-------------------------------------------
     0 | D:1      | Monsterracer the Human Arcane Marksman began the quest for the Orb.
     0 | D:1      | Reached XP level 1. HP: 15/15 MP: 2/2
   308 | D:1      | Reached XP level 2. HP: 21/21 MP: 3/3
   370 | D:1      | HP: 10/21 [dart slug (2)]
   376 | D:1      | HP: 10/21 [bat (1)]
  1019 | D:1      | Reached XP level 3. HP: 19/27 MP: 4/4
  1087 | D:1      | Learned a level 3 spell: Portal Projectile
  1315 | D:2      | Noticed a big kobold
  1346 | D:2      | Noticed Terence
  1350 | D:2      | Killed Terence
  1350 | D:2      | Reached XP level 4. HP: 33/33 MP: 5/5
  1389 | D:2      | HP: 12/33 [big kobold (6)]
  1391 | D:2      | HP: 1/33 [big kobold (6)]
  1392 | D:2      | Slain by a big kobold

Skill      XL: |  1  2  3 |
---------------+----------+-----
Bows           | 3 |  3.6
Fighting       | 2 |  2.2
Dodging        | |  2.0
Spellcasting   | |  1.0
Hexes          | |  3.0

Action                   |  1- 3 |  4- 6 || total
-------------------------+-------+-------++-------
Melee: Whip              |    13 |       ||    13
       Dagger            |    79 |    11 ||    90
       Unarmed           |     2 |       ||     2
 Fire: Shortbow          |    23 |    16 ||    39
  Use: Scroll            |     5 |       ||     5
 Stab: Sleeping          |     1 |       ||     1
  Eat: Chunk             |     1 |       ||     1
Armor: Robe              |    32 |       ||    32
Dodge: Dodged            |    94 |    18 ||   112

Vault maps used:
D:1:      dpeg_arrival_ratfight
D:2:      kennysheep_slug_shrine, uniq_terence
